 Dungeon Crawl Stone Soup version 0.31-a0-175-g9f7f995f2b (webtiles) character file.

Game seed: 17517451993223993169

202 qw the Chopper (level 5, -3/32 HPs)
             Began as a Gargoyle Fighter on June 17, 2023.
             Frozen to death by an endoplasm (5 damage)
             ... on level 2 of the Dungeon.
             The game lasted 00:00:35 (757 turns).

qw the Chopper (Gargoyle Fighter)                    Turns: 757, Time: 00:00:35

Health: -3/32      AC: 10    Str: 21    XL:     5   Next: 80%
Magic:  5/5        EV:  9    Int:  9    God:
Gold:   85         SH:  4    Dex:  9    Spells: 4/4 levels left

rFire   . . .        Y - +0 war axe
rCold   . . .        c - +0 buckler
rNeg    + . .        b - +0 scale mail
rPois   inf          (no helmet)
rElec   +            (no cloak)
rCorr   .            (no gloves)
SInv    .            (no boots)
Will    .....        (no amulet) Stlth
                     (no ring)
HPRegen 0.25/turn    (no ring)
MPRegen 0.09/turn

%: no passive effects
@: no status effects
A: sickness immunity, AC +4, negative energy resistance 1, electricity
resistance, torment resistance 1, petrification resistance
a: no special abilities


You were on level 2 of the Dungeon.
You visited 1 branch of the dungeon, and saw 2 of its levels.

You collected 85 gold pieces.


Innate Abilities, Weirdness & Mutations

You are immune to sickness and miasma.
Your stone body is resilient. (AC +4)
You are immune to poison.
You resist negative energy. (rN+)
You are resistant to electric shocks. (rElec)
You are resistant to unholy torment.
You are immune to petrification.


   Skills:
 + Level 3.4 Fighting
 - Level 5.2 Axes
 - Level 3.2 Armour
 - Level 3.2 Shields


You had 4 spell levels left.
You didn't know any spells.
Your spell library was empty.

Inventory:

Hand Weapons
 i - a +0 flail
 Y - a +0 war axe (weapon)
Missiles
 j - 4 boomerangs (quivered)
Armour
 b - a +0 scale mail (worn)
 c - a +0 buckler (worn)
Scrolls
 a - a scroll of identify
 f - a scroll of silence {unknown}
 g - a scroll of enchant armour
Potions
 d - a potion of might
 e - a potion of mutation {unknown}
 h - a potion of curing {unknown}

Dungeon Overview and Level Annotations

Branches:
Dungeon (2/15)

Altars:

Shops:
D:2 (


Message History

You completely miss Sigmund.
Sigmund is almost dead.
Sigmund hits you but does no damage.
You closely miss Sigmund.
Sigmund is almost dead.
A bat comes into view.
Sigmund points at you and mumbles some strange words.
The magic dart hits you.
You closely miss Sigmund.
Sigmund is almost dead.
You block Sigmund's attack.
You hit Sigmund.
You kill Sigmund!
The adder bites you but does no damage.
Your Axes skill gained 2 levels and is now at level 5!
You have reached level 4!
You feel clever.
You have reached level 5!
You barely miss the adder. The adder closely misses you. x2
You barely miss the adder. The adder bites you but does no damage.
You hit the adder.
The adder is moderately wounded.
The adder bites you but does no damage. x2
You slash the adder!
You kill the adder!
The bat closely misses you. x2; The bat hits you but does no damage.
You closely miss the bat. The bat hits you but does no damage.
The bat barely misses you.
You slash the bat!
You kill the bat!
You block the quokka's attack.
You slash the quokka!
You kill the quokka!
The endoplasm freezes you.
You are frozen.
You hit the endoplasm.
The endoplasm is severely wounded.
The endoplasm freezes you.
You are frozen.
You die...

#.. .. . #
#.#######.##.# #.#.
#.#.. .....#.#
#.#.###.#.###..#..\#
#.....#.#.#.#.....<#
#...........#)#).#.# .#
#.....#.#.#.#.#..#.#....
................%J......
........#.#.#...@#.#..
........#.#......#
........#.####.###
........###..)....#
#.#####.##.}#####}.# ..#
#.##. .# ### #.## # ###
#.# ..## #.#


You could see an endoplasm.

Vanquished Creatures
  Sigmund (D:2)
  An adder (D:2)
  2 dart slugs (D:1)
  4 endoplasms
  2 giant cockroaches
  4 goblins (D:1)
  4 hobgoblins
  2 quokkas
  4 ball pythons
  3 bats
  A frilled lizard (D:2)
  4 kobolds
  5 rats
37 creatures vanquished.

Notes
Turn   | Place    | Note
-------+----------+-------------------------------------------
     0 | D:1      | qw the Gargoyle Fighter began the quest for the Orb.
     0 | D:1      | Reached XP level 1. HP: 14/14 MP: 1/1
     0 | D:1      | 0 ||| qw: Version: 0.3-a-2-g5ab2908
     0 | D:1      | 0 ||| qw: Game counter: 238
     0 | D:1      | 0 ||| qw: Always use a shield: true
     0 | D:1      | 0 ||| qw: God list: Okawaru
     0 | D:1      | 0 ||| qw: Allow faded altars: false
     0 | D:1      | 0 ||| qw: Do Orc after D:15 true
     0 | D:1      | 0 ||| qw: Do second Lair branch before Depths: true
     0 | D:1      | 0 ||| qw: Lair rune preference: random
     0 | D:1      | 0 ||| qw: Plans: Normal, Zot:1-4, Slime:5, God:TSO, Crypt,
                  | Tomb, Abyss, Pan, Hells, Win
     0 | D:1      | 0 ||| PLANNING D:1-11
    32 | D:1      | 32 ||| Stepping ~*~*~tactically~*~*~ (stealth).
    33 | D:1      | 33 ||| Stepping ~*~*~tactically~*~*~ (stealth).
    38 | D:1      | Reached skill level 2 in Axes
   110 | D:1      | Reached XP level 2. HP: 19/19 MP: 2/2
   159 | D:1      | Found a faded altar of an unknown god.
   163 | D:1      | 163 ||| Stepping ~*~*~tactically~*~*~ (hiding).
   192 | D:1      | 192 ||| Stepping ~*~*~tactically~*~*~ (hiding).
   193 | D:1      | 193 ||| Stepping ~*~*~tactically~*~*~ (hiding).
   313 | D:1      | Reached skill level 3 in Axes
   321 | D:1      | 321 ||| DROPPING +0 whip.
   359 | D:1      | Reached XP level 3. HP: 23/23 MP: 3/3
   363 | D:1      | 363 ||| Stepping ~*~*~tactically~*~*~ (hiding).
   613 | D:1      | 613 ||| READING 2 scrolls labelled ZIMEUG GAFFA.
   614 | D:1      | 614 ||| READING 2 scrolls labelled GEUBBE ELLIFI.
   615 | D:1      | 615 ||| READING scroll labelled TOZUEDWO QIRRE.
   712 | D:2      | Found Satrytui's Weapon Shop.
   717 | D:2      | 717 ||| Stepping ~*~*~tactically~*~*~ (stealth).
   718 | D:2      | 718 ||| Stepping ~*~*~tactically~*~*~ (stealth).
   719 | D:2      | 719 ||| Stepping ~*~*~tactically~*~*~ (stealth).
   724 | D:2      | Identified the +2 whip of Dawn {drain, *Noise rCorr SInv}
   724 | D:2      | Noticed Sigmund
   725 | D:2      | 725 ||| Stepping ~*~*~tactically~*~*~ (hiding).
   747 | D:2      | HP: 1/23 [Sigmund/magic dart (6)]
   749 | D:2      | Killed Sigmund
   750 | D:2      | Reached skill level 5 in Axes
   750 | D:2      | Reached XP level 4. HP: 3/28 MP: 4/4
   750 | D:2      | Reached XP level 5. HP: 3/32 MP: 5/5
   756 | D:2      | HP: 2/32 [frozen (3)]
   757 | D:2      | Frozen to death by an endoplasm

Levels and vault maps discovered:
D:1:      nicolae_arrival_memento_mori, layout_basic,
          dreamdust_ecumenical_altar_grove, minmay_tall_x
D:2:      layout_basic, serial_shops, shop, nicolae_shop_getting_attention,
          grunt_ministairs_11, minmay_misc_feat_encased, minmay_ruptured,
          uniq_sigmund

Skill      XL: |  1  2  3 |
---------------+----------+-----
Axes           | 2 3 5 |  5.2
Fighting       | |  3.4
Armour         | |  3.2
Shields        | |  3.2

Action                     |  1- 3 |  4- 6 || total
---------------------------+-------+-------++-------
  Melee: War axe           |    68 |     8 ||    76
  Throw: Boomerang         |    15 |       ||    15
    Use: Scroll            |     3 |       ||     3
 Armour: Scale mail        |    23 |     5 ||    28
  Dodge: Dodged            |    26 |     5 ||    31
  Block: Buckler           |     6 |     1 ||     7

Table legend:
 A = Non-vault XP
 B = Vault XP
 C = Vault XP percentage of total XP
 D = Non-vault monster count
 E = Vault monster count
 F = Vault count percentage of total count
                 A         B        C        D         E       F
            +---------+---------+-------+---------+---------+-------
      Total |      61 |     228 |  78.9 |      27 |      10 |  27.0
            +---------+---------+-------+---------+---------+-------
        D:1 |      35 |       6 |  14.6 |      19 |       4 |  17.4
        D:2 |      26 |     222 |  89.5 |       8 |       6 |  42.9
            +---------+---------+-------+---------+---------+-------
